 Dungeon Crawl Stone Soup version 0.26.0-10-g1f06aea511 (webtiles) character file.

Game seed: 7368271836253660313

1209 Drevant2 the Geomancer (level 8, -1/41 HPs)
             Began as a Deep Elf Earth Elementalist on Jan 14, 2021.
             Was an Initiate of Sif Muna.
             Killed from afar by Harold (12 damage)
             ... with a harpoon shot
             ... on level 7 of the Dungeon.
             The game lasted 00:19:47 (8426 turns).

Drevant2 the Geomancer (DEEE)                       Turns: 8426, Time: 00:19:48

Health: -1/41      AC:  3    Str:  6    XL:     8   Next: 22%
Magic:  16/17      EV:  7    Int: 22    God:    Sif Muna [......]
Gold:   496        SH:  0    Dex: 15    Spells: 8/17 levels left

rFire    + . .     SeeInvis .   p - +3 dagger (venom)
rCold    . . .     Faith    +   (no shield)
rNeg     . . .     Spirit   .   c - +0 robe
rPois    .         Reflect  .   (no helmet)
rElec    .         Harm     .   (no cloak)
rCorr    .         Rampage  .   (no gloves)
Will     .....                  g - +0 pair of boots (curse)
Stlth    ++++......             A - amulet of faith
HPRegen  0.13/turn              q - +4 ring of slaying
MPRegen  0.15/turn              H - ring of protection from fire

@: marked, held
A: no striking features
a: Renounce Religion


You were on level 7 of the Dungeon.
You worshipped Sif Muna.
Sif Muna was noncommittal.
You visited 2 branches of the dungeon, and saw 8 of its levels.

You collected 496 gold pieces.

Inventory:

Hand Weapons
 d - a +0 short sword
 p - a +3 dagger of venom (weapon)
 v - a +0 whip
Missiles
 b - 140 stones
Armour
 c - a +0 robe (worn)
 g - a cursed +0 pair of boots (worn)
 y - the +1 robe of True Grit {Stlth+, unknown}
   (You found it on level 5 of the Dungeon)

   It makes you more stealthy.
Jewellery
 q - a +4 ring of slaying (left hand)
 z - a cursed -4 ring of evasion {unknown}
 A - an amulet of faith (around neck)
 F - an uncursed ring of magical power {unknown}
 H - a ring of protection from fire (right hand)
Wands
 G - a wand of digging (4)
Scrolls
 e - 2 scrolls of remove curse
 i - 3 scrolls of teleportation
 l - 2 scrolls of amnesia {unknown}
 n - a scroll of identify
 r - a scroll of enchant armour {unknown}
 s - a scroll of fear {unknown}
 w - 2 scrolls of enchant weapon
 x - a scroll of blinking {unknown}
 B - a scroll of immolation {unknown}
 D - a scroll of random uselessness {unknown}
Potions
 a - 2 potions of lignification
 f - 2 potions of curing
 h - a potion of degeneration {unknown}
 j - a potion of heal wounds
 k - a potion of mutation {unknown}
 m - a potion of attraction {unknown}
 o - 2 potions of brilliance
 t - 2 potions of resistance {unknown}
 u - 2 potions of flight {unknown}
 C - a potion of cancellation {unknown}
 E - a potion of berserk rage {unknown}


   Skills:
 - Level 2.4 Dodging
 + Level 7.3 Stealth
 - Level 5.1 Spellcasting
 - Level 1.1 Transmutations
 * Level 9.0 Earth Magic


You had 8 spell levels left.
You knew the following spells:

 Your Spells              Type           Power        Failure   Level
a - Sandblast             Erth           90%          1%          1
b - Stone Arrow           Conj/Erth      50%          4%          3
c - Lee's Rapid Deconstr  Erth           22%          7%          5

Your spell library contained the following spells:

 Spells                   Type           Power        Failure   Level
 Passwall                 Tmut/Erth      23%          1%          2
 Sting                    Tmut/Pois      32%          8%          1
 Petrify                  Tmut/Erth      28%          12%         4
 Poisonous Vapours        Pois/Air       10%          16%         2
 Ignite Poison            Fire/Tmut/Pois 7%           26%         3
 Mephitic Cloud           Conj/Pois/Air  5%           30%         3
 Olgreb's Toxic Radiance  Pois           5%           69%         4


Dungeon Overview and Level Annotations

Branches:
Dungeon (7/15)             Temple (1/1) D:5

Altars:
Ashenzari
Cheibriados
Dithmenos
Elyvilon
Fedhas
Gozag
Hepliaklqana
Kikubaaqudgha
Makhleb
Nemelex Xobeh
Okawaru
Qazlal
Ru
Sif Muna
Trog
Uskayaw
Vehumet
Wu Jian
Xom
Yredelemnul
Zin
The Shining One

Annotations:
D:4 Edmund
D:7 Harold


Message History

Aiming: Sandblast (safe; 1% risk of failure)
Press: ? - help, Shift-Dir - straight line, f/p - bullfrog
Aim: a bullfrog (almost dead, 21% to evade)
The blast of sand hits the bullfrog!!
You kill the bullfrog!
Sif Muna accepts your kill.
The kobold throws a stone.
The stone hits you but does no damage.
Your Earth Magic skill increases to level 9!
The kobold throws a stone.
The stone misses you.
Harold throws a throwing net.
The throwing net hits you.
You become entangled in the net!
Things that are here:
a throwing net; a stone You struggle against the net.
Harold gestures at you while chanting.
You barely resist.
You tear a large gash into the net.
You struggle against the net.
Harold fires a harpoon shot at you. The harpoon shot hits you!
You die...

#.....# #### ######.....#### ...
.............># ######.##
#####.....#### #.......#
#........#
#.......#########......#.#
#.......(.(.....#......# # K#
#.......K.........######+## KK
##...K..K@(@.......####.....
#.###.........######.)...........
#.............# #..)..........
..K.<..####.## #.)..###......
#...## #.# #...)<........ #..#
#.# #.....###..... #(# #.#
#.....# #..... #.# #.# #....##
#..... #K# #....# #.....


You could see Harold and 3 kobolds.

Vanquished Creatures
  2 ogres
  A necrophage (D:5)
  A phantom (D:7)
  3 centaurs
  2 big kobolds
  A bullfrog (D:7)
  2 orc wizards
  2 hounds
  An orc priest (D:3)
  An iguana (D:7)
  A killer bee zombie (D:7)
  3 gnolls (D:3)
  7 adders
  3 white imps
  An ufetubus (D:7)
  2 oozes
  2 dart slugs
  5 leopard geckos
  9 orcs
  8 giant cockroaches
  9 goblins
  5 hobgoblins
  4 jackals
  2 quokkas
  A ball python (D:2)
  8 bats
  4 frilled lizards
  19 kobolds
  A leopard gecko skeleton (D:3)
  A quokka skeleton (D:4)
  5 rats
116 creatures vanquished.

Vanquished Creatures (others)
  2 fungi (D:1)
  6 toadstools (D:1)
8 creatures vanquished.

Grand Total: 124 creatures vanquished

Notes
Turn   | Place    | Note
-------+----------+-------------------------------------------
     0 | D:1      | Drevant2 the Deep Elf Earth Elementalist began the quest
                  | for the Orb.
     0 | D:1      | Reached XP level 1. HP: 10/10 MP: 6/6
   221 | D:1      | Reached XP level 2. HP: 15/15 MP: 4/8
   768 | D:1      | Reached skill level 4 in Earth Magic
  1058 | D:2      | Reached XP level 3. HP: 19/19 MP: 5/10
  1062 | D:2      | Learned a level 3 spell: Stone Arrow
  2508 | D:2      | Reached XP level 4. HP: 24/24 MP: 8/11
  3088 | D:3      | Found a shimmering altar of Xom.
  3088 | D:3      | Found a sacrificial altar of Ru.
  3088 | D:3      | Found a sparkling altar of Nemelex Xobeh.
  3088 | D:3      | Found a basalt altar of Yredelemnul.
  3154 | D:3      | HP: 1/24 [gnoll/+0 halberd (12)]
  3824 | D:3      | You fall into a shaft and drop 2 floors!
  3824 | D:5      | Entered Level 5 of the Dungeon
  3944 | D:4      | Reached skill level 5 in Earth Magic
  4168 | D:3      | Reached XP level 5. HP: 28/28 MP: 11/13
  4727 | D:3      | Found a hazy altar of Hepliaklqana.
  4732 | D:3      | Found a blossoming altar of Fedhas.
  5181 | D:4      | Reached XP level 6. HP: 7/32 MP: 11/15
  5685 | D:4      | Noticed Edmund
  5866 | D:5      | Reached skill level 5 in Spellcasting
  5866 | D:5      | Reached skill level 6 in Earth Magic
  5981 | D:5      | Got a sheer robe
  5996 | D:5      | Reached skill level 5 in Stealth
  6143 | D:5      | Found a staircase to the Ecumenical Temple.
  6150 | D:5      | Reached XP level 7. HP: 36/36 MP: 10/16
  6158 | Temple   | Entered the Ecumenical Temple
  6384 | Temple   | Became a worshipper of Sif Muna the Loreminder
  6544 | D:5      | Reached skill level 7 in Earth Magic
  6897 | D:6      | Found an ornate altar of the Wu Jian Council.
  7352 | D:6      | Reached skill level 8 in Earth Magic
  7886 | D:7      | Reached XP level 8. HP: 29/41 MP: 11/17
  7892 | D:7      | Learned a level 5 spell: Lee's Rapid Deconstruction
  8173 | D:7      | Noticed Harold
  8423 | D:7      | Reached skill level 9 in Earth Magic
  8426 | D:7      | Killed from afar by Harold

Illustrated notes

Levels and vault maps discovered:
D:1:      dpeg_arrival_orchard, layout_basic, minmay_gold_behind_fungi,
          chequers_serial_rivers_small_a, minmay_fountain_box,
          kennysheep_flooded_box, minmay_misc_feat_x
D:2:      layout_loops_ring, serial_glass, glass_columns_c, glass_columns_b
D:3:      layout_loops_corners, minmay_overflow_temple_hex
D:4:      layout_basic, uniq_edmund
D:5:      layout_basic, minmay_temple_entry_hall
D:6:      layout_layer_cave, basic_altar
D:7:      layout_basic, serial_shops, shop, uniq_harold
Temple:   eino_temple_scatter_basement

Skill      XL: |  1  2  3  4  5  6  7  8 |
---------------+-------------------------+-----
Stealth        | 3 4 5 6 7 |  7.3
Earth Magic    | 4 5 6 8 9 |  9.0
Spellcasting   | 4 5 |  5.1
Dodging        | |  2.4
Transmutations | |  1.1

Action                   |  1- 3 |  4- 6 |  7- 9 || total
-------------------------+-------+-------+-------++-------
Melee: Short sword       |    94 |       |       ||    94
       Dagger            |    14 |    76 |    28 ||   118
 Cast: Sandblast         |    34 |    42 |    29 ||   105
  Use: Scroll            |       |     9 |       ||     9
       Potion            |       |     2 |     3 ||     5
 Stab: Sleeping          |     2 |     9 |     4 ||    15
Armor: Robe              |    29 |    14 |     5 ||    48
Dodge: Dodged            |    91 |    55 |    27 ||   173
